 Dungeon Crawl Stone Soup version 0.19-a0-27-g415f530 (webtiles) character file.

189218 Gorice the Warrior (level 17, -13/142 HPs)
             Began as a Demonspawn Venom Mage on Apr 30, 2016.
             Was the Champion of Sif Muna.
             Killed from afar by a deep elf sorcerer (50 damage)
             ... with a damnation
             ... led by an ironheart preserver
             ... on level 1 of the Vaults on May 1, 2016.
             The game lasted 06:43:00 (43639 turns).

Gorice the Warrior (Demonspawn Venom Mage)         Turns: 43639, Time: 06:43:01

Health: -13/142    AC: 22    Str:  9    XL:     17   Next: 50%
Magic:  9/32       EV: 17    Int: 28    God:    Sif Muna [******]
Gold:   963        SH:  0    Dex: 14    Spells: 13 memorised, 2 levels left

rFire  . . .     SeeInvis .     b - +2 quarterstaff (speed)
rCold  . . .     Gourm    .     f - +3 steam dragon armour of Blue Skies {Int+2}
rNeg   . . .     Faith    .     (shield currently unavailable)
rPois  .         Spirit   .     (no helmet)
rElec  +         Dismiss  .     E - +1 cloak {+Inv}
rCorr  +         Reflect  .     u - +1 pair of gloves {archery}
SustAt .         Harm     .     R - +0 pair of boots
MR     +....     Clarity  +     y - amulet of regeneration
Stlth  ++........               Z - +3 ring of protection
                                v - ring "Quyciqymu" {rCorr Int+4}

@: swift, repel missiles, quick, somewhat resistant to hostile enchantments,
unstealthy
A: talons 2, rough black scales 1, clarity, powered by death 2, electricity
resistance, spiny 2
a: Channel Energy, Forget Spell, Renounce Religion, Evoke Invisibility
}: 1/15 runes: abyssal


You were on level 1 of the Vaults.
You worshipped Sif Muna.
Sif Muna was exalted by your worship.
You were not hungry.

You visited 6 branches of the dungeon, and saw 30 of its levels.
You visited the Abyss 1 time.
You also visited: Labyrinth.

You collected 2915 gold pieces.
You spent 1952 gold pieces at shops.

Inventory:

Hand Weapons
 b - a +2 quarterstaff of speed (weapon)
   (You found it on level 14 of the Dungeon)
 s - a +1 scimitar of distortion
   (You found it on level 1 of the Vaults)
 B - a +0 blowgun
Missiles
 c - 35 tomahawks (quivered)
 x - 18 curare-tipped needles
 Y - a throwing net
Armour
 f - the +3 steam dragon armour of Blue Skies (worn) {Int+2}
   (You bought it in a shop on level 6 of the Dungeon)

   It affects your intelligence (+2).
 u - a +1 pair of gloves of archery (worn)
   (You bought it in a shop on level 6 of the Dungeon)
 D - a +2 buckler
 E - a +1 cloak of invisibility (worn)
   (You found it on level 8 of the Lair of Beasts)
 R - a +0 pair of boots (worn)
Magical Staves
 a - an uncursed staff of poison
Jewellery
 j - an uncursed ring of protection from cold
 m - an uncursed ring of positive energy
 o - an uncursed ring of sustain attributes
 r - an uncursed ring of poison resistance
 v - the ring "Quyciqymu" (left hand) {rCorr Int+4}
   (You found it on level 15 of the Dungeon)

   [ring of resist corrosion]

   It affects your intelligence (+4).
 y - an amulet of regeneration (around neck)
 Z - a +3 ring of protection (right hand)
Wands
 d - a wand of hasting (5/9) {!d}
 h - a wand of enslavement (17/24)
 z - a wand of digging (14/24)
 I - a wand of heal wounds (5/9) {!d}
 K - a wand of iceblast (9/15)
 M - a wand of paralysis (10/24)
 O - a wand of disintegration (14/24)
Scrolls
 l - 10 scrolls of remove curse
 n - 4 scrolls of teleportation {!r}
 q - 3 scrolls of blinking
 G - a scroll of enchant armour
 H - 5 scrolls of identify
 L - 2 scrolls of summoning {!r}
 T - a scroll of fog
Potions
 e - 9 potions of curing
 k - 4 potions of magic {!q}
 p - a potion of invisibility {!q}
 w - 3 potions of ambrosia
 F - 3 potions of lignification {!q}
 N - 4 potions of brilliance {!q}
 Q - a potion of haste {!q}
 S - 2 potions of agility {!q}
 U - 2 potions of might {!q}
Miscellaneous
 A - a fan of gales
 C - a lamp of fire
Comestibles
 g - 3 chunks of flesh
 i - 10 meat rations {!e}
 t - 37 fruits


   Skills:
 - Level 15.1 Fighting
 - Level 8.0 Armour
 + Level 8.1 Dodging
 - Level 1.7 Stealth
 + Level 11.9 Spellcasting
 + Level 13.2 Conjurations
 - Level 5.0 Charms
 - Level 8.0 Translocations
 - Level 10.0 Fire Magic
 - Level 6.0 Air Magic
 - Level 8.0 Poison Magic
 - Level 8.0 Invocations


You had 2 spell levels left.
You knew the following spells:

 Your Spells              Type           Power        Failure   Level  Hunger
a - Sting                 Conj/Pois      ####         1%          1    None
b - Cure Poison           Pois           ######....   1%          2    None
c - Mephitic Cloud        Conj/Pois/Air  ######..     1%          3    None
d - Conjure Flame         Conj/Fire      ######..     1%          3    None
e - Sticky Flame          Conj/Fire      ######..     1%          4    None
f - Venom Bolt            Conj/Pois      ######....   1%          5    ###....
g - Olgreb's Toxic Radia  Pois           ######..     1%          4    None
h - Bolt of Magma         Conj/Fire/Erth ######....   4%          5    ###....
A - Apportation           Tloc           ######....   1%          1    None
J - Blink                 Tloc           N/A          1%          2    None
M - Repel Missiles        Chrm/Air       #####.       1%          2    None
P - Portal Projectile     Tloc           ######       1%          3    None
S - Swiftness             Chrm/Air       #####...     1%          2    None


Dungeon Overview and Level Annotations

Branches:
Dungeon (15/15)            Temple (1/1) D:6            Lair (8/8) D:8
 Shoals (0/4) Lair:6       Spider (3/4) Lair:6        Slime (0/6) Lair:8
    Orc (2/2) D:12            Elf (0/3) Orc:2        Vaults (1/5) D:14
 Depths (0/5) D:15

Altars:
Ashenzari
Cheibriados
Dithmenos
Elyvilon
Fedhas
Gozag
Kikubaaqudgha
Makhleb
Nemelex Xobeh
Okawaru
Pakellas
Qazlal
Ru
Sif Muna
Trog
Vehumet
Xom
Yredelemnul
Zin
The Shining One
Beogh
Jiyva

Shops:
D:6 [   D:7 %   D:9 %%   D:10 =   Orc:1 *   Orc:2 ?*([

Annotations:
D:15 Azrael
Spider:2 Wiglaf
Spider:3 UX: ghost!, HaroldButt's ghost, adept GrEE


Innate Abilities, Weirdness & Mutations

You have razor-sharp toenails.
You are partially covered in rough black scales (AC +4, Dex -1).
You regenerate health from kills.
You are mostly covered in sharp spines.
You possess an exceptional clarity of mind.
You are resistant to electric shocks.


Message History

The fire dragon is almost dead.
The fire dragon is engulfed in roaring flames.
The fire dragon is struck by your spines.
The fire dragon misses you. The fire dragon closely misses you.
The fire dragon tramples you but does no damage.
Unknown command.
Unknown command.
Unknown command.
Unknown command.
Unknown command.
Unknown command.
Unknown command.
Unknown command.
Unknown command.
The fire dragon is engulfed in roaring flames.
You kill the fire dragon!
The ironheart preserver gestures wildly while chanting.
The ironheart preserver begins to accept its allies' injuries.
The deep elf mage mumbles some strange words.
The deep elf mage blinks!
The deep elf sorcerer casts a spell at you.
The damnation unfurls!
The damnation engulfs you!
* * * LOW HITPOINT WARNING * * *
You hear a shout!
Damage: 31 (max 31) Unknown command.
Unknown command.
Unknown command.
Unknown command.
Casting: Cure Poison
Confirm with . or Enter, or press ? or * to list all spells.
You feel quick.
The deep elf mage casts a spell.
The deep elf mage blinks!
The deep elf sorcerer mumbles some strange words.
The deep elf sorcerer seems to speed up.
You feel less regenerative.
The deep elf sorcerer gestures at you while chanting.
The damnation unfurls!
The damnation engulfs you!
* * * LOW HITPOINT WARNING * * *
You hear a shout!
Damage: 17 (max 17) Unknown command.
There is an open door here.
Which direction?
You close the door.
Something unseen opens the door.
The deep elf sorcerer casts a spell at you.
The damnation unfurls!
The damnation engulfs you!
You die...

[.....).....# ### #.....#...#
##........### ##)## #.....#..##
............# #...# #.....#'##
##........### ##...## #..e..#.#
............# #.....# #.....#'##
............###.....###.....#..##
##........####.......##.....#...#
.........[..#.........#.....###..
##......[.###...@.....#..)..# #..
............'........)e.....###'#
##........####.......##..)..#....
............###.....###.))..#....
############# #.....# #.....#....
##...## #.....'[... #...#
#.....##.## ##.## #.....##... ###
#.....####.


You could see a deep elf sorcerer.

Vanquished Creatures
  Arachne (Spider:2)
  Rupert (Spider:1)
  Gastronok (D:11)
  Kirke (Lair:6)
  A ghost moth (Lair:6)
  Maud (D:10)
  An orc warlord (Orc:2)
  Louise (Spider:3)
  An emperor scorpion (Spider:2)
  An ironheart preserver (Vaults:1)
  A very ugly thing (Vaults:1)
  Nessos (D:15)
  A dire elephant (D:15)
  A minotaur (Lab)
  A fire dragon (Vaults:1)
  4 vault guards
  Josephine (Orc:2)
  2 entropy weavers
  3 hydras
  2 ice dragons
  A catoblepas (D:15)
  3 ogre magi
  A death knight (D:14)
  Erica (D:8)
  5 centaur warriors
  3 death yaks
  2 orc high priests
  3 skeletal warriors (D:12)
  Nergalle (D:11)
  A deep elf knight (Vaults:1)
  12 hill giants
  5 unseen horrors
  A deep troll (shapeshifter) (D:14)
  Pikel (D:4)
  2 lindwurms (Lair:8)
  A flayed ghost (D:11)
  3 ironbrand convokers (Vaults:1)
  An orb spider (shapeshifter) (Vaults:1)
  3 deep elf magi
  9 orb spiders
  7 ugly things
  2 wizards
  4 orc sorcerers
  A griffon (Lair:8)
  4 orc knights
  16 wolf spiders
  A hornet (Vaults:1)
  3 cyclopes
  18 slime creatures
  A manticore (D:13)
  A moth of wrath (Spider:1)
  A guardian serpent (Lair:8)
  8 black mambas
  30 elephants
  A siren (Lair:6)
  2 vault sentinels (Vaults:1)
  2 kobold demonologists
  5 torpor snails (Lair:8)
  5 gargoyles (Lab)
  26 spiny frogs
  4 rime drakes
  11 komodo dragons
  5 freezing wraiths
  12 demonic crawlers
  2 yaktaurs (Vaults:1)
  A polar bear (Lair:7)
  6 trolls
  25 jumping spiders
  A harpy skeleton (D:14)
  A merfolk (Lair:6)
  4 giant leeches (Lair:8)
  Grinder (D:3)
  4 two-headed ogres
  12 blink frogs
  A boulder beetle (Spider:2)
  58 yaks
  3 shadows
  12 wyverns
  13 wraiths
  54 redbacks
  19 tarantellas
  A vampire (D:14)
  A small abomination (Abyss:3)
  A fire elemental (D:15)
  10 hippogriffs
  15 fire bats (D:11)
  A human (shapeshifter) (D:15)
  4 basilisks
  2 steam dragons
  5 hungry ghosts
  Grum (D:8)
  4 vampire mosquitoes (Vaults:1)
  4 mottled dragons
  5 wargs
  Duvessa (D:7)
  A hell hound (D:15)
  8 porcupines
  38 water moccasins
  4 sky beasts
  31 orc warriors
  14 wolves
  5 ice beasts
  5 phantoms
  A black bear (D:7)
  20 ogres
  3 necrophages
  12 wasps
  18 centaurs
  22 crocodiles
  3 big kobolds
  2 gnoll sergeants
  18 giant frogs
  An earth elemental (Lab)
  3 wyvern skeletons
  Dowan (D:7)
  4 scorpions
  5 killer bees (D:14)
  3 spriggan skeletons (Lab)
  13 wights
  12 electric eels
  5 centaur zombies
  11 crimson imps
  A quasit (D:13)
  A giant frog zombie (D:6)
  A gnoll shaman (D:7)
  3 jellies
  27 orc priests
  Crazy Yiuf (D:7)
  6 hounds
  9 iguanas
  30 orc wizards
  6 centaur skeletons
  4 giant frog skeletons
  17 worker ants
  A killer bee zombie (D:11)
  38 sheep
  A hound zombie (D:5)
  A hound skeleton (D:7)
  27 adders
  22 gnolls
  A howler monkey skeleton (D:8)
  39 river rats
  4 shadow imps
  15 white imps
  An ooze (D:3)
  4 adder zombies
  20 worms
  A dart slug (D:1)
  7 giant geckos
  107 orcs
  5 giant cockroaches
  9 hobgoblins
  12 jackals
  19 kobolds
  5 quokkas
  72 bats
  A giant gecko skeleton (D:6)
  5 giant newts
  5 goblins
  2 jackal skeletons (D:4)
  A quokka skeleton (D:4)
  2 quokka zombies
  9 rats
  A butterfly (Lair:8)
1334 creatures vanquished.

Vanquished Creatures (collateral kills)
  A necrophage (D:7)
  A gnoll shaman (D:7)
  3 gnolls (D:7)
  2 jackals (D:6)
7 creatures vanquished.

Vanquished Creatures (others)
  2 slime creatures (D:15)
  An ice beast (D:6)
  3 humans
  2 adders
  41 fungi
  2 lurking horrors (Abyss:3)
  59 plants
110 creatures vanquished.

Grand Total: 1451 creatures vanquished

Notes
Turn   | Place    | Note
--------------------------------------------------------------
     0 | D:1      | Gorice the Demonspawn Venom Mage began the quest for the Orb.
     0 | D:1      | Reached XP level 1. HP: 13/13 MP: 3/3
   143 | D:1      | Reached skill level 1 in Conjurations
   392 | D:1      | Gained mutation: You are partially covered in rough black scales (AC +4, Dex -1). [demonic ancestry]
   392 | D:1      | Reached XP level 2. HP: 14/19 MP: 0/5
  1198 | D:1      | Learned a level 2 spell: Cure Poison
  1215 | D:2      | Reached skill level 2 in Conjurations
  1342 | D:2      | Gained mutation: You have sharp toenails. [demonic ancestry]
  1342 | D:2      | Reached XP level 3. HP: 24/24 MP: 2/6
  2288 | D:2      | Reached XP level 4. HP: 22/30 MP: 3/8
  2349 | D:3      | Noticed Grinder
  2467 | D:2      | Learned a level 3 spell: Mephitic Cloud
  2475 | D:2      | Reached skill level 3 in Spellcasting
  2475 | D:2      | Reached skill level 3 in Conjurations
  2900 | D:4      | Reached skill level 4 in Conjurations
  2900 | D:4      | Reached XP level 5. HP: 35/35 MP: 4/9
  2907 | D:4      | Found an ancient bone altar of Kikubaaqudgha.
  2907 | D:4      | Noticed a human
  2910 | D:4      | Killed a human
  3065 | D:4      | Found a shattered altar of Ashenzari.
  3101 | D:4      | Noticed a slave
  3644 | D:4      | Found an ancient bone altar of Kikubaaqudgha.
  3690 | D:4      | Reached skill level 5 in Conjurations
  3690 | D:4      | Gained mutation: You are partially covered in sharp spines. [demonic ancestry]
  3690 | D:4      | Reached XP level 6. HP: 35/41 MP: 7/10
  3897 | D:4      | HP: 8/41 [orc priest/divine providence (13)]
  4427 | D:4      | Noticed a slave
  4542 | D:5      | Entered Level 5 of the Dungeon
  5300 | D:6      | Noticed a sky beast
  5313 | D:6      | Killed a sky beast
  5313 | D:6      | Reached skill level 5 in Poison Magic
  5326 | D:6      | Found a staircase to the Ecumenical Temple.
  5335 | Temple   | Entered the Ecumenical Temple
  5383 | Temple   | Became a worshipper of Sif Muna the Loreminder
  5460 | D:6      | Noticed an ice beast
  5519 | D:6      | Found Ligog's Antique Armour Boutique.
  5535 | D:6      | Reached XP level 7. HP: 24/46 MP: 11/11
  5563 | D:6      | Reached skill level 6 in Conjurations
  5629 | D:6      | Bought a ruby-encrusted scale mail for 189 gold pieces
  5639 | D:6      | Identified the +1 scale mail of the Wheelwright {rPois Regen+ SInv} (You bought it in a shop on level 6 of the Dungeon)
  5954 | D:6      | HP: 13/46 [orc warrior/stone (8)]
  5955 | D:6      | HP: 1/46 [orc warrior/stone (12)]
  6096 | D:5      | Reached skill level 6 in Poison Magic
  6337 | D:6      | Reached skill level 1 in Armour
  6480 | D:6      | Reached * piety under Sif Muna
  6563 | D:6      | Found a glowing silver altar of Zin.
  6827 | D:6      | HP: 12/46 [ogre/giant club (17)]
  6833 | D:6      | Reached skill level 1 in Air Magic
  7245 | D:4      | Noticed Pikel
  7285 | D:4      | Killed Pikel
  7285 | D:4      | Reached skill level 2 in Armour
  7285 | D:4      | Reached skill level 7 in Conjurations
  7285 | D:4      | Reached skill level 2 in Air Magic
  7285 | D:4      | Reached XP level 8. HP: 38/52 MP: 4/12
  7440 | D:3      | Gained mutation: You are resistant to electric shocks. [potion of beneficial mutation]
  7642 | D:3      | Killed Grinder
  7642 | D:3      | Reached ** piety under Sif Muna
  7642 | D:3      | Reached skill level 3 in Armour
  7642 | D:3      | Reached skill level 8 in Conjurations
  7869 | D:7      | Reached skill level 3 in Air Magic
  7995 | D:7      | Found a snail-covered altar of Cheibriados.
  8284 | D:7      | Reached XP level 9. HP: 53/57 MP: 10/13
  8291 | D:7      | Found a sparkling altar of Nemelex Xobeh.
  8521 | D:7      | Noticed Crazy Yiuf
  8533 | D:7      | Killed Crazy Yiuf
  8668 | D:7      | Reached skill level 9 in Conjurations
  8864 | D:7      | Reached skill level 4 in Armour
  8912 | D:7      | Found Hecemosuss's Food Shoppe.
  8919 | D:7      | Noticed Duvessa
  8919 | D:7      | Noticed Dowan
  8928 | D:7      | Killed Dowan
  8978 | D:7      | Killed Duvessa
  8978 | D:7      | Reached skill level 4 in Air Magic
  9172 | D:7      | Found a burning altar of Makhleb.
  9479 | D:8      | Reached *** piety under Sif Muna
  9736 | D:8      | Reached skill level 10 in Conjurations
  9883 | D:8      | Reached skill level 5 in Armour
  9883 | D:8      | Reached skill level 5 in Air Magic
  9960 | D:8      | Noticed Grum
  9962 | D:8      | Noticed a purple ugly thing
 10021 | D:8      | HP: 11/57 [purple ugly thing (10)]
 10053 | D:8      | HP: 17/57 [purple ugly thing (4)]
 10055 | D:8      | Noticed Erica
 10217 | D:8      | Found a staircase to the Lair.
 10393 | D:8      | Killed Erica
 10393 | D:8      | Reached XP level 10. HP: 39/63 MP: 1/14
 10538 | D:8      | Killed a purple ugly thing
 10538 | D:8      | Reached **** piety under Sif Muna
 10538 | D:8      | Reached skill level 7 in Poison Magic
 10608 | D:9      | Reached skill level 6 in Armour
 10644 | D:9      | Reached skill level 6 in Air Magic
 10822 | D:9      | Found a sparkling altar of Nemelex Xobeh.
 10846 | D:9      | Found a basalt altar of Yredelemnul.
 10853 | D:9      | Found Usasym's Food Shop.
 10997 | D:9      | Reached skill level 4 in Spellcasting
 11314 | D:9      | Found an iron altar of Okawaru.
 11338 | D:9      | Reached skill level 5 in Spellcasting
 11376 | D:9      | Got a translucent scale mail
 11463 | D:9      | Reached ***** piety under Sif Muna
 11632 | D:9      | Found Jilon's Food Emporium.
 11980 | D:9      | Reached skill level 8 in Poison Magic
 11992 | D:10     | Entered Level 10 of the Dungeon
 12088 | D:10     | Found a shimmering altar of Xom.
 12138 | D:10     | Reached XP level 11. HP: 65/68 MP: 19/19
 12395 | D:10     | Reached skill level 7 in Armour
 12483 | D:10     | Reached skill level 6 in Spellcasting
 12601 | D:10     | Noticed a hill giant
 12642 | D:10     | Killed a hill giant
 12675 | D:10     | Found Quufaikia's Jewellery Emporium.
 12836 | D:10     | Noticed a hill giant
 13091 | D:9      | Identified the +5 scale mail of Dyiral {MR+ rCorr Int+2} (You found it on level 9 of the Dungeon)
 13294 | D:10     | Killed a hill giant
 13343 | D:10     | Reached skill level 11 in Conjurations
 13360 | D:11     | Noticed Maud
 13423 | D:10     | Killed Maud
 13423 | D:10     | Reached skill level 7 in Spellcasting
 13618 | D:11     | Noticed Nergalle
 13631 | D:11     | Reached ****** piety under Sif Muna
 13631 | D:11     | Received a gift from Sif Muna
 13649 | D:11     | Noticed a five-headed hydra
 13914 | D:11     | Killed a one-headed hydra
 13968 | D:11     | Identified Sif Muna's Incunabulum of Flight and Fire (Sif Muna gifted it to you on level 11 of the Dungeon)
 13997 | D:11     | Noticed Gastronok
 14028 | D:11     | Found a blossoming altar of Fedhas.
 14182 | D:11     | HP: 14/68 [Nergalle/bolt of negative energy (30)]
 14296 | D:8      | Killed Grum
 14383 | Lair:1   | Entered Level 1 of the Lair of Beasts
 14492 | D:8      | Reached skill level 8 in Spellcasting
 14887 | Lair:1   | Reached skill level 8 in Armour
 14935 | Lair:1   | HP: 14/68 [spiny frog (17)]
 15003 | Lair:1   | Reached XP level 12. HP: 53/74 MP: 24/24
 15050 | Lair:1   | Learned a level 4 spell: Sticky Flame
 15350 | Lair:1   | Reached skill level 12 in Conjurations
 15511 | Lair:1   | Reached skill level 1 in Fighting
 15511 | Lair:1   | Reached skill level 1 in Fire Magic
 16021 | Lair:1   | Reached skill level 2 in Fire Magic
 16204 | Lair:1   | Reached skill level 3 in Fire Magic
 16249 | Lair:2   | Reached skill level 2 in Fighting
 16395 | Lair:2   | Reached skill level 4 in Fire Magic
 16417 | Lair:2   | Received a gift from Sif Muna
 16418 | Lair:2   | Identified Cympiwn's Grimoire of Confrontation (Sif Muna gifted it to you on level 2 of the Lair of Beasts)
 16431 | Lair:2   | Learned a level 3 spell: Conjure Flame
 16734 | Lair:2   | Reached skill level 3 in Fighting
 16761 | Lair:2   | Reached skill level 5 in Fire Magic
 17362 | Lair:2   | HP: 13/83 [spiny frog (15)]
 17363 | Lair:2   | HP: 4/83 [spiny frog (10)]
 17583 | Lair:3   | Got a heavily jewelled robe
 17600 | Lair:3   | Identified Sif Muna's Handbook of Shifting Ice
 17684 | Lair:3   | Reached skill level 4 in Fighting
 17684 | Lair:3   | Reached skill level 6 in Fire Magic
 18055 | Lair:3   | Gained mutation: You possess an exceptional clarity of mind. [potion of beneficial mutation]
 18238 | Lair:3   | Identified the +0 robe of Reewane {MR+} (You found it on level 3 of the Lair of Beasts)
 19011 | Lair:4   | Gained mutation: You regenerate a little health from kills. [demonic ancestry]
 19011 | Lair:4   | Reached XP level 13. HP: 65/90 MP: 7/25
 19012 | Lair:4   | Upgraded the game from 0.19-a0-19-gf75ed07 to 0.19-a0-27-g415f530
 19040 | Lair:4   | Reached skill level 5 in Fighting
 19040 | Lair:4   | Reached skill level 7 in Fire Magic
 19384 | Lair:4   | Reached skill level 13 in Conjurations
 19390 | Lair:4   | Received a gift from Sif Muna
 19402 | Lair:4   | Identified Sif Muna's Reference Book on Attacks (Sif Muna gifted it to you on level 4 of the Lair of Beasts)
 20156 | Lair:5   | Reached skill level 8 in Fire Magic
 20320 | Lair:5   | Reached skill level 6 in Fighting
 20965 | Lair:6   | Found a labyrinth entrance.
 21012 | Lab      | Entered a labyrinth
 21377 | Lab      | Noticed a minotaur
 21383 | Lab      | HP: 27/95 [minotaur (10)]
 21449 | Lab      | HP: 25/95 [gargoyle/stone arrow (14)]
 21830 | Lab      | Killed a minotaur
 21830 | Lab      | Reached skill level 7 in Fighting
 21841 | Lab      | Reached skill level 9 in Fire Magic
 22096 | Lair:1   | Learned a level 2 spell: Blink
 22377 | Lair:6   | Found a hole to the Spider Nest.
 22672 | Lair:6   | Reached skill level 8 in Fighting
 23091 | Lair:6   | Found a staircase to the Shoals.
 23636 | Lair:7   | Reached skill level 10 in Fire Magic
 23699 | Lair:7   | Noticed Kirke
 23734 | Lair:6   | Killed Kirke
 23734 | Lair:6   | Reached skill level 9 in Fighting
 23734 | Lair:6   | Reached skill level 1 in Translocations
 23734 | Lair:6   | Gained mutation: You are mostly covered in sharp spines. [demonic ancestry]
 23734 | Lair:6   | Reached XP level 14. HP: 88/108 MP: 8/26
 23812 | Lair:7   | Reached skill level 2 in Translocations
 23896 | Lair:7   | Received a gift from Sif Muna
 23897 | Lair:7   | Identified Jatsor's Volume of the Lethal Traveller (Sif Muna gifted it to you on level 7 of the Lair of Beasts)
 24637 | Lair:8   | Entered Level 8 of the Lair of Beasts
 24939 | Lair:8   | Reached skill level 3 in Translocations
 25085 | Lair:8   | Reached skill level 9 in Spellcasting
 25263 | Lair:8   | Got an ivory morningstar
 25269 | Lair:8   | Identified the cursed +0 morningstar "Meuqu" {speed, Str+2} (You found it on level 8 of the Lair of Beasts)
 25349 | Lair:8   | Reached skill level 10 in Fighting
 25413 | Lair:8   | Found a staircase to the Slime Pits.
 25413 | Lair:8   | Found a viscous altar of Jiyva.
 25563 | Lair:7   | Reached skill level 4 in Translocations
 26182 | Lair:8   | Reached skill level 5 in Translocations
 26265 | Lair:8   | Reached skill level 10 in Spellcasting
 26371 | Lair:8   | Reached skill level 1 in Invocations
 26448 | Lair:8   | Reached skill level 2 in Invocations
 26555 | Lair:8   | Found a runed door.
 26904 | Lair:8   | Reached skill level 3 in Invocations
 27121 | Lair:8   | HP: 15/111 [lindwurm/blast of flame (24)]
 27295 | Lair:8   | Reached skill level 11 in Fighting
 27331 | Lair:8   | Reached skill level 6 in Translocations
 27431 | Lair:8   | Gained mutation: You have razor-sharp toenails. [demonic ancestry]
 27431 | Lair:8   | Reached XP level 15. HP: 118/118 MP: 17/29
 27672 | D:6      | Bought an ichor-stained steam dragon armour for 945 gold pieces
 27682 | D:6      | Identified the +3 steam dragon armour of Blue Skies {Int+2} (You bought it in a shop on level 6 of the Dungeon)
 27682 | D:6      | Bought a pair of runed gloves for 94 gold pieces
 27763 | Lair:1   | Learned a level 1 spell: Apportation
 27901 | D:11     | Found a runed door.
 27968 | D:11     | Reached skill level 4 in Invocations
 27996 | D:11     | Found an opulent altar of Gozag.
 28000 | D:11     | Received a gift from Sif Muna
 28008 | D:11     | Learned a level 2 spell: Repel Missiles
 28011 | D:11     | Learned a level 2 spell: Swiftness
 28027 | D:11     | Found a burning altar of Makhleb.
 28053 | D:11     | Found a stormy altar of Qazlal.
 28134 | D:11     | Found a shattered altar of Ashenzari.
 28170 | D:11     | Found an iron altar of Okawaru.
 28254 | D:11     | Found a blossoming altar of Fedhas.
 28394 | D:11     | Got an encrusted scale mail
 28399 | D:11     | Got a twisted hand crossbow
 28414 | D:11     | Identified the +8 scale mail of the Monkey {rElec} (You found it on level 11 of the Dungeon)
 28429 | D:11     | Identified the cursed +0 hand crossbow of Superiority {elec, MR+ Int+5} (You found it on level 11 of the Dungeon)
 28546 | D:11     | Killed Gastronok
 28546 | D:11     | Reached skill level 5 in Invocations
 28746 | D:11     | Killed Nergalle
 29198 | D:12     | Reached skill level 7 in Translocations
 29198 | D:12     | Reached skill level 6 in Invocations
 29306 | D:12     | Found a staircase to the Orcish Mines.
 29899 | Orc:1    | Entered Level 1 of the Orcish Mines
 29957 | Orc:1    | Found a radiant altar of Vehumet.
 29964 | Orc:1    | Found an iron altar of Okawaru.
 30292 | Orc:1    | HP: 35/119 [orc sorcerer/bolt of negative energy (14)]
 30309 | Orc:1    | HP: 32/119 [troll (2)]
 30317 | Orc:1    | HP: 31/119 [troll (7)]
 30536 | D:10     | Reached skill level 7 in Invocations
 30803 | Orc:1    | Found Sijam's Assorted Antiques.
 31030 | Orc:2    | Entered Level 2 of the Orcish Mines
 31076 | Orc:2    | Found a staircase to the Elven Halls.
 31675 | Orc:2    | Noticed an orc warlord
 31842 | Orc:2    | Killed an orc warlord
 31842 | Orc:2    | Reached skill level 8 in Invocations
 31923 | Orc:2    | Found Meewn's Antique Armour Boutique.
 31924 | Orc:2    | Found a roughly hewn altar of Beogh.
 31955 | Orc:2    | Found Fuapuem's Antique Weapon Shop.
 32000 | Orc:2    | Noticed Josephine
 32015 | Orc:2    | Killed Josephine
 32015 | Orc:2    | Reached skill level 12 in Fighting
 32023 | Orc:2    | HP: 17/120 [orc warrior/glaive (25)]
 32171 | Orc:2    | Reached skill level 1 in Charms
 32186 | Orc:2    | Found a roughly hewn altar of Beogh.
 32187 | Orc:2    | Found Velui's Magic Scroll Boutique.
 32205 | Orc:2    | Bought a scroll of blinking for 112 gold pieces
 32255 | Orc:2    | Found a roughly hewn altar of Beogh.
 32287 | Orc:2    | Found Zighabefi's General Store.
 32433 | Orc:2    | Found a deep blue altar of Sif Muna.
 32451 | Orc:2    | Identified Sif Muna's Almanac of Flames (You found it on level 2 of the Orcish Mines)
 32619 | Orc:2    | Reached skill level 8 in Translocations
 32652 | Orc:2    | Found a roughly hewn altar of Beogh.
 32686 | Orc:2    | Found a roughly hewn altar of Beogh.
 32803 | Orc:2    | Bought a transparent scale mail for 216 gold pieces
 32953 | Lair:1   | Identified the +6 scale mail "Ucupt" {*Corrode rElec MR+} (You bought it in a shop on level 2 of the Orcish Mines)
 33297 | D:13     | You fall through a shaft for 2 floors!
 33297 | D:15     | Entered Level 15 of the Dungeon
 33326 | D:14     | Reached skill level 2 in Charms
 33580 | D:14     | HP: 32/122 [death knight/glaive (25)]
 33593 | D:14     | HP: 27/122 [death knight/glaive (1)]
 33610 | D:14     | HP: 22/122 [killer bee (3)]
 33656 | D:14     | Reached skill level 3 in Charms
 33661 | D:14     | HP: 26/122 [hill giant/giant spiked club (18)]
 33678 | D:15     | HP: 32/122 [centaur/arrow (5)]
 33712 | D:15     | HP: 31/122 [centaur warrior/arrow (19)]
 33718 | D:15     | HP: 18/122 [centaur warrior/arrow (14)]
 33724 | D:15     | HP: 16/122 [cloud of noxious fumes (2)]
 33730 | D:15     | HP: 12/122 [centaur/arrow (9)]
 33890 | D:15     | Got a glittering golden ring
 33892 | D:15     | Identified the ring "Quyciqymu" {rCorr Int+4} (You found it on level 15 of the Dungeon)
 34791 | D:13     | Reached skill level 4 in Charms
 35117 | D:14     | Found a gate to the Vaults.
 35315 | D:14     | Reached XP level 16. HP: 113/129 MP: 22/30
 35465 | D:14     | Reached skill level 13 in Fighting
 35478 | D:14     | Found a glowing silver altar of Zin.
 36165 | Lair:1   | Learned a level 3 spell: Portal Projectile
 36180 | Lair:1   | Learned a level 5 spell: Venom Bolt
 36380 | D:15     | Noticed Nessos
 36478 | D:15     | Reached skill level 5 in Charms
 36484 | D:15     | Got a heavily jewelled robe
 36496 | D:15     | Identified the cursed +1 robe "Saaf" {+Fly} (You took it off a centaur on level 15 of the Dungeon)
 36517 | D:15     | Reached skill level 2 in Dodging
 36538 | D:15     | Noticed Azrael
 36765 | D:15     | Killed Nessos
 36787 | D:15     | HP: 38/131 [hell hound[Azrael] (7)]
 36798 | D:15     | HP: 36/131 [two-headed ogre/giant spiked club (9)]
 36839 | D:15     | Reached skill level 3 in Dodging
 37083 | D:15     | Found a staircase to the Depths.
 37649 | D:15     | Reached skill level 4 in Dodging
 37817 | Orc:1    | Bought a twisted glowing staff for 396 gold pieces
 38034 | Lair:1   | Learned a level 4 spell: Olgreb's Toxic Radiance
 38152 | Spider:1 | Entered Level 1 of the Spider Nest
 38332 | Spider:1 | Noticed Rupert
 38338 | Spider:1 | Paralysed by Rupert for 2 turns
 38357 | Spider:1 | Killed Rupert
 38464 | Spider:1 | HP: 32/132 [entropy weaver (14)]
 38467 | Spider:1 | Reached skill level 5 in Dodging
 38469 | Spider:1 | HP: 21/132 [poisoned by you (toxic radiance)]
 38475 | Spider:1 | HP: 23/132 [poisoned by you (toxic radiance)]
 38641 | Spider:1 | Got a crude ring mail
 38669 | Spider:1 | Identified the +3 ring mail of Dithmenos's Supremacy {rF+ Int+7 Stlth+} (You found it on level 1 of the Spider Nest)
 38965 | Spider:1 | Reached skill level 14 in Fighting
 39105 | Spider:1 | Received a gift from Sif Muna
 39299 | Spider:2 | Noticed Arachne
 39313 | Spider:2 | Killed Arachne
 39445 | Spider:2 | Reached skill level 6 in Dodging
 39898 | Spider:2 | Reached skill level 11 in Spellcasting
 40457 | Spider:3 | Noticed HaroldButt's ghost (adept GrEE)
 40493 | Spider:2 | HP: 28/134 [wolf spider (15)]
 40498 | Spider:2 | Gained mutation: You regenerate health from kills. [demonic ancestry]
 40498 | Spider:2 | Reached XP level 17. HP: 26/140 MP: 0/32
 40863 | Spider:3 | Noticed Louise
 40881 | Spider:3 | Noticed Wiglaf
 40896 | Spider:3 | Cast into level 2 of the Abyss (Louise)
 40932 | Abyss:3  | HP: 35/140 [lurking horror (32)]
 40933 | Abyss:3  | HP: 12/140 [lurking horror (10)]
 40935 | Abyss:3  | Got an abyssal rune of Zot
 40944 | Abyss:3  | HP: 33/140 [something (5)]
 40966 | Abyss:3  | Learned a level 5 spell: Bolt of Magma
 41093 | Spider:3 | Escaped the Abyss
 41106 | Spider:3 | Killed Louise
 41106 | Spider:3 | Reached skill level 7 in Dodging
 41108 | Spider:3 | HP: 36/140 [Wiglaf/war axe (37)]
 41128 | Spider:2 | HP: 20/140 [Wiglaf/war axe (40)]
 41141 | Spider:2 | HP: 32/140 [Wiglaf/war axe (22)]
 42405 | Vaults:1 | Entered Level 1 of the Vaults
 43077 | Vaults:1 | Reached skill level 15 in Fighting
 43446 | Vaults:1 | Reached skill level 8 in Dodging
 43606 | Vaults:1 | HP: 26/142 [deep elf sorcerer/damnation[an ironheart preserver] (35)]
 43628 | Vaults:1 | HP: 31/142 [deep elf sorcerer/damnation[an ironheart preserver] (18)]
 43639 | Vaults:1 | Killed from afar by a deep elf sorcerer

Vault maps used:
D:1:      mrwooster_arrival_statue_3
D:2:      first_bread, minivault_11, serial_bayou_pond_d
D:3:      uniq_grinder
D:4:      evilmike_ruin_ashenzari, nicolae_overflow_hidden_temple,
          tgw_kikubaaqudgha, uniq_pikel
D:6:      zin_academy, temple_pool_b, enter_ossuary_2, serial_shops, shop,
          serial_co_window_serial, co_window_corner_a,
          co_window_of_opportunity_a, co_window_of_opportunity_a,
          co_window_corner_a, co_window_paths_b, co_window_corner_ca,
          co_window_broadway_c, co_window_corner_b, co_window_of_opportunity_c,
          co_window_cross_3, co_window_unsneaky_path_c, glass_columns_a,
          glass_columns_c, glass_columns_a
D:7:      marbit_many_paths, makhleb_blood_cavern_becter, serial_shops, shop,
          st_stairs_8, nemelex_spade_bored_becter, uniq_crazy_yiuf_cottage,
          uniq_duvessa
D:8:      due_lair_maze_entry_diamond, uniq_erica, uniq_grum
D:9:      lemuel_doored_altar, old_standard_altar, serial_shops, shop,
          kennysheep_mini_moat, basic_altar, hangedman_pestilent_swarm,
          st_stairs_3
D:10:     basic_altar, serial_shops, shop_statue
D:11:     due_megacathedral, fedhas_altar_3, uniq_gastronok, uniq_maud,
          uniq_nergalle
D:12:     minmay_orc_entry_guard_dogs
D:13:     portal_ice_cave_entry_imps
D:14:     lightli_vaults_fourway_checkpoint, lemuel_crystal_altar,
          kennysheep_dice
D:15:     hangedman_depths_entry_try_elsewhere_first, serial_bayou_pond_a,
          uniq_nessos, uniq_azrael
Temple:   eino_temple_water_12
Lair:1:   grunt_megastairs_5
Lair:2:   lemuel_reptile_caves
Lair:3:   st_stairs_5, minmay_holes, beast_lair_carwin_8
Lair:4:   serial_bayou, serial_bayou_pond_c, serial_bayou_lagoon_a,
          serial_bayou_lake_a, serial_bayou_ford_a, bobbens_ice_dragon_lair,
          infiniplex_staircase_pool
Lair:5:   st_stairs_7
Lair:6:   elwin_shoals_entry_rooms, spider_nest_entry_web_field,
          lab_entry_generic
Lair:7:   uniq_kirke
Lair:8:   hangedman_lair_tendril_chambers, wormcave, slime_altar_1,
          lemuel_fruit_fields
Spider:1: uniq_rupert
Spider:2: uniq_arachne
Spider:3: nicolae_spider_cling_halls, uniq_wiglaf, uniq_louise
Orc:1:    basic_altar, serial_shops, shop, okawaru_metal_pillars_3
Orc:2:    grunt_orc_community_town_hall, grunt_orc_community_big_house_2,
          grunt_orc_community_big_house_1, grunt_orc_community_house_2,
          grunt_orc_community_house_1, grunt_orc_community_house_2,
          grunt_orc_community_house_1, grunt_orc_community_house_3,
          led_sif_book, uniq_josephine
Vaults:1: hangedman_vaults_hat, ontoclasm_vaults_tryst, v_misc_23,
          vaults_mumra_minichess_inversion, st_hourglassy,
          hangedman_vaults_impose, ontoclasm_vaults_ligature,
          nicolae_vaults_little_squares_4, vaults_mumra_chevron_long,
          vaults_mumra_hexcomb, nicolae_vaults_theta, ontoclasm_vaults_pinch,
          vaults_room_large_hall, nicolae_vaults_angled_halls
Abyss:3:  grunt_abyss_rune_the_horror, evilmike_abyss_exit_chaos
Lab:      nicolae_lab_blocks, nicolae_lab_hexagon, nicolae_lab_plus,
          lab_fountain, nicolae_lab_big_swirl, labyrinth_skeletal_remains,
          nicolae_lab_stuck, nicolae_lab_arrow, nicolae_lab_very_dead_end

Skill      XL: |  1  2  3  4  5  6  7  8  9 10 11 12 13 14 15 16 17 |
---------------+----------------------------------------------------+-----
Conjurations   | 1 2 4 5 7 8 10 11 12 13 | 13.2
Spellcasting   | 3 5 8 10 11 | 11.9
Poison Magic   | 5 6 8 |  8.0
Armour         | 2 3 5 6 8 |  8.0
Air Magic      | 2 3 5 6 |  6.0
Fighting       | 4 9 11 12 14 15 | 15.1
Fire Magic     | 6 10 | 10.0
Translocations | 1 6 8 |  8.0
Invocations    | 3 8 |  8.0
Charms         | 4 5 |  5.0
Dodging        | 6 8 |  8.1
Stealth        | |  1.7

Action                   |  1- 3 |  4- 6 |  7- 9 | 10-12 | 13-15 | 16-18 || total
-------------------------+-------+-------+-------+-------+-------+-------++-------
Melee: Unarmed           |    12 |       |       |       |       |       ||    12
       Whip              |    17 |    73 |    23 |       |       |       ||   113
       Kick              |     2 |    17 |    49 |    66 |       |       ||   134
       Quarterstaff      |       |       |   159 |   397 |   231 |   262 ||  1049
       Staff             |       |       |    22 |   329 |  1020 |   214 ||  1585
       Scimitar          |       |       |       |     6 |     1 |       ||     7
 Fire: Blowgun           |       |       |       |       |     1 |       ||     1
Throw: Stone             |     5 |       |     6 |    11 |       |       ||    22
       Tomahawk          |       |       |       |    21 |     6 |    18 ||    45
 Cast: Sting             |    85 |   103 |   170 |   421 |   372 |   115 ||  1266
       Mephitic Cloud    |       |     1 |    31 |    42 |    31 |     5 ||   110
       Sticky Flame      |       |       |       |    17 |   397 |   113 ||   527
       Conjure Flame     |       |       |       |     6 |    75 |    45 ||   126
       Cure Poison       |       |       |       |     1 |    11 |    27 ||    39
       Repel Missiles    |       |       |       |       |     9 |     4 ||    13
       Apportation       |       |       |       |       |     3 |     2 ||     5
       Venom Bolt        |       |       |       |       |       |    66 ||    66
       Olgreb's Toxic Ra |       |       |       |       |       |    15 ||    15
       Blink             |       |       |       |       |       |     3 ||     3
       Bolt of Magma     |       |       |       |       |       |    31 ||    31
       Swiftness         |       |       |       |       |       |     2 ||     2
Invok: Channel Energy    |       |       |     2 |       |   464 |   156 ||   622
Evoke: Wand              |       |     7 |     8 |    18 |    11 |     8 ||    52
  Use: Scroll            |     4 |     9 |    10 |    13 |    18 |    10 ||    64
       Potion            |       |       |     7 |     2 |     5 |     2 ||    16
 Stab: Confused          |       |       |     4 |    17 |     8 |       ||    29
       Sleeping          |       |       |     1 |     1 |     7 |     2 ||    11
  Eat: Chunk             |     5 |    10 |    20 |    18 |   126 |    35 ||   214
       Pizza             |       |       |     1 |       |       |       ||     1
       Royal jelly       |       |       |       |     4 |       |       ||     4
       Meat ration       |       |       |       |     2 |       |     2 ||     4
       Bread ration      |       |       |       |       |     3 |     3 ||     6
Armor: Robe              |    19 |    32 |       |       |       |       ||    51
       Ring mail         |       |    18 |   101 |   126 |       |     8 ||   253
       Scale mail        |       |       |       |   410 |  1386 |    25 ||  1821
       Steam dragon armo |       |       |       |       |       |   564 ||   564
Dodge: Dodged            |    30 |    70 |   112 |   375 |   742 |   651 ||  1980
       Deflected         |       |       |       |       |    36 |    15 ||    51

Table legend:
 A = Turns spent in this place as a percentage of turns spent in the entire game.
 B = Non-inter-level travel turns spent in this place as a percentage of non-inter-level travel turns spent in the entire game.
 C = Inter-level travel turns spent in this place as a percentage of turns spent in this place.
 D = Turns resting spent in this place as a percentage of non-inter-level travel turns spent in this place.
 E = Turns spent auto-exploring this place as a percentage of non-inter-level travel turns spent in this place.
 F = Non-inter-level travel turns spent in this place divided by the number of levels of this place that you've seen.
                   A       B       C       D       E      F
               +-------+-------+-------+-------+-------+----------------------
         Total | 100.0 | 100.0 |   0.6 |   1.9 |   2.7 | 647.4
       Dungeon |  46.3 |  46.2 |   0.6 |   2.4 |   3.2 | 658.7
        Temple |   0.3 |   0.3 |   0.0 |   0.0 |   0.0 |  66.0
          Lair |  29.2 |  29.1 |   0.7 |   1.5 |   2.9 | 778.2
   Spider Nest |   7.9 |   7.9 |   0.6 |   1.1 |   3.2 | 564.3
  Orcish Mines |   7.7 |   7.7 |   0.2 |   1.0 |   1.9 | 820.5
        Vaults |   4.3 |   4.4 |   0.0 |   3.1 |   0.6 | 932.0
         Abyss |   1.0 |   1.0 |   0.0 |   0.0 |   0.0 | 110.0
     Labyrinth |   3.3 |   3.3 |   0.0 |   2.1 |   0.0 | 706.0
               +-------+-------+-------+-------+-------+----------------------

Vault maps used:
D:1:      mrwooster_arrival_statue_3
D:2:      first_bread, minivault_11, serial_bayou_pond_d
D:3:      uniq_grinder
D:4:      evilmike_ruin_ashenzari, nicolae_overflow_hidden_temple,
          tgw_kikubaaqudgha, uniq_pikel
D:6:      zin_academy, temple_pool_b, enter_ossuary_2, serial_shops, shop,
          serial_co_window_serial, co_window_corner_a,
          co_window_of_opportunity_a, co_window_of_opportunity_a,
          co_window_corner_a, co_window_paths_b, co_window_corner_ca,
          co_window_broadway_c, co_window_corner_b, co_window_of_opportunity_c,
          co_window_cross_3, co_window_unsneaky_path_c, glass_columns_a,
          glass_columns_c, glass_columns_a
D:7:      marbit_many_paths, makhleb_blood_cavern_becter, serial_shops, shop,
          st_stairs_8, nemelex_spade_bored_becter, uniq_crazy_yiuf_cottage,
          uniq_duvessa
D:8:      due_lair_maze_entry_diamond, uniq_erica, uniq_grum
D:9:      lemuel_doored_altar, old_standard_altar, serial_shops, shop,
          kennysheep_mini_moat, basic_altar, hangedman_pestilent_swarm,
          st_stairs_3
D:10:     basic_altar, serial_shops, shop_statue
D:11:     due_megacathedral, fedhas_altar_3, uniq_gastronok, uniq_maud,
          uniq_nergalle
D:12:     minmay_orc_entry_guard_dogs
D:13:     portal_ice_cave_entry_imps
D:14:     lightli_vaults_fourway_checkpoint, lemuel_crystal_altar,
          kennysheep_dice
D:15:     hangedman_depths_entry_try_elsewhere_first, serial_bayou_pond_a,
          uniq_nessos, uniq_azrael
Temple:   eino_temple_water_12
Lair:1:   grunt_megastairs_5
Lair:2:   lemuel_reptile_caves
Lair:3:   st_stairs_5, minmay_holes, beast_lair_carwin_8
Lair:4:   serial_bayou, serial_bayou_pond_c, serial_bayou_lagoon_a,
          serial_bayou_lake_a, serial_bayou_ford_a, bobbens_ice_dragon_lair,
          infiniplex_staircase_pool
Lair:5:   st_stairs_7
Lair:6:   elwin_shoals_entry_rooms, spider_nest_entry_web_field,
          lab_entry_generic
Lair:7:   uniq_kirke
Lair:8:   hangedman_lair_tendril_chambers, wormcave, slime_altar_1,
          lemuel_fruit_fields
Spider:1: uniq_rupert
Spider:2: uniq_arachne
Spider:3: nicolae_spider_cling_halls, uniq_wiglaf, uniq_louise
Orc:1:    basic_altar, serial_shops, shop, okawaru_metal_pillars_3
Orc:2:    grunt_orc_community_town_hall, grunt_orc_community_big_house_2,
          grunt_orc_community_big_house_1, grunt_orc_community_house_2,
          grunt_orc_community_house_1, grunt_orc_community_house_2,
          grunt_orc_community_house_1, grunt_orc_community_house_3,
          led_sif_book, uniq_josephine
Vaults:1: hangedman_vaults_hat, ontoclasm_vaults_tryst, v_misc_23,
          vaults_mumra_minichess_inversion, st_hourglassy,
          hangedman_vaults_impose, ontoclasm_vaults_ligature,
          nicolae_vaults_little_squares_4, vaults_mumra_chevron_long,
          vaults_mumra_hexcomb, nicolae_vaults_theta, ontoclasm_vaults_pinch,
          vaults_room_large_hall, nicolae_vaults_angled_halls
Abyss:3:  grunt_abyss_rune_the_horror, evilmike_abyss_exit_chaos
Lab:      nicolae_lab_blocks, nicolae_lab_hexagon, nicolae_lab_plus,
          lab_fountain, nicolae_lab_big_swirl, labyrinth_skeletal_remains,
          nicolae_lab_stuck, nicolae_lab_arrow, nicolae_lab_very_dead_end
